 Dungeon Crawl Stone Soup version 0.15-a0-1968-gb423ccb (webtiles) character file.

81 Ololoev the Shooter (level 4, -3/35 HPs)
             Began as a Centaur Hunter on July 10, 2014.
             Killed by divine providence
             ... invoked by an orc priest
              (9 damage)
             ... on Level 2 of the Dungeon.
             The game lasted 00:14:18 (3539 turns).

Ololoev the Shooter (Centaur Hunter)                Turns: 3539, Time: 00:14:18

HP  -3/35        AC 10     Str 14      XL: 4   Next: 20%
MP   3/3         EV  1     Int 10      God:
Gold 58          SH  0     Dex 11      Spells:  0 memorised,  3 levels left

rFire  . . .     SeeInvis .     x - -1 club (curse)
rCold  . . .     Clarity  .     p - +0 plate armour
rNeg   . . .     rCorr    .     (no shield)
rPois  .         rRot     .     y - +2 hat
rElec  .         Spirit   .     (no cloak)
SustAb .         Warding  .     (no gloves)
rMut   .         Stasis   .     (no barding)
Gourm  .                        (no amulet)
MR     .....                    (no ring)
                                (no ring)

@: drained, very quick, not resistant to hostile enchantments, extremely
unstealthy
A: hooves 3, deformed body, speed 2, tough skin 3
a: no special abilities


You were on level 2 of the Dungeon.
You were not hungry.

You visited 1 branch of the dungeon, and saw 3 of its levels.

You collected 58 gold pieces.

Inventory:

Hand weapons
 a - a +0 short sword
 b - a +1 shortbow
 j - a +2 whip of draining
 x - a cursed -1 club (weapon)
Missiles
 c - 92 arrows
 r - 14 arrows of flame
 v - 15 arrows of dispersal
Armour
 p - a +0 plate armour (worn)
 y - a +2 hat (worn)
Comestibles
 f - 6 bread rations
Potions
 d - 2 potions of heal wounds {unknown}
 e - a potion of agility {unknown}
 h - 2 potions of restore abilities
 l - a potion of curing {unknown}
 m - a potion of haste {unknown}
 q - a potion of resistance {unknown}
 t - a potion of lignification {unknown}
 u - 2 potions of magic {unknown}


   Skills:
 - Level 1.0(0.6) Fighting
 + Level 1.0(0.6) Maces & Flails
 - Level 7.3(6.8) Bows
 - Level 1.3(0.9) Dodging
 - Level 0.5(0.1) Stealth


You had 3 spell levels left.
You didn't know any spells.

Dungeon Overview and Level Annotations

Branches:
Dungeon (3/15)

Altars:


Innate Abilities, Weirdness & Mutations

You have hooves in place of feet.
Armour fits poorly on your strangely shaped body.
You cover ground very quickly.
You have extremely tough skin (AC +3).


Message History

The orc priest hits you but does no damage.
You hit the orc priest but do no damage.
Your kick misses the orc priest.
The orc priest is lightly wounded.
The orc priest hits you but does no damage.
Your plate armour prevents you from hitting the orc priest.
Your kick misses the orc priest.
The orc priest is lightly wounded.
The orc priest mumbles some strange prayers to Beogh against you.
Something smites you!
You closely miss the orc priest.
The orc priest is lightly wounded.
The orc priest invokes the aid of Beogh against you.
Something smites you!
* * * LOW HITPOINT WARNING * * *
Your plate armour prevents you from hitting the orc priest.
The orc priest is lightly wounded.
The orc priest calls down the wrath of Beogh upon you.
Something smites you!
You die...

#.....# #.# #.##...#
####....####.# #.#.#.#.
#####.........##.#########..##.##
#................................
#.###.........##..########..##.##
#.# ###......<.)....(.# #.#.#.#%
#.# #.....#####.###.# #.##...#
#.# #.....#####.###.####.###.##
#.# ###.....(.@o.........# #.##
#.# #.#######.########.# #... #.#
#.# #...# #.# #### #.# #)# ###.#
#.# #.#######.# #.# #.#
[.........# #.# #.# #.#######.#
#.# #.# #.# #.# #.# #.# ..# #.#
#.# #.#


You could see an orc priest.

Vanquished Creatures
  2 adders (D:2)
  3 orcs
  6 bats
  3 giant cockroaches
  9 hobgoblins
  9 jackals (D:2)
  2 quokkas (D:2)
  5 giant newts
  7 goblins
  2 kobolds
  4 rats
52 creatures vanquished.

Notes
Turn   | Place    | Note
--------------------------------------------------------------
     0 | D:1      | Ololoev, the Centaur Hunter, began the quest for the Orb.
     0 | D:1      | Reached XP level 1. HP: 16/16 MP: 1/1
   465 | D:2      | Reached XP level 2. HP: 23/23 MP: 2/2
   516 | D:2      | Reached skill level 6 in Bows
   660 | D:2      | Reached XP level 3. HP: 20/28 MP: 3/3
   991 | D:2      | Reached skill level 7 in Bows
  1551 | D:3      | Noticed an ogre
  1732 | D:3      | Reached XP level 4. HP: 26/35 MP: 3/3
  2569 | D:2      | Reached skill level 1 in Maces & Flails
  3539 | D:2      | Killed from afar by an orc priest

Action                   |  1- 3 |  4- 6 || total
-------------------------+-------+-------++-------
Melee: Short sword       |   121 |       ||   121
       Club              |    45 |    48 ||    93
 Fire: Shortbow          |    52 |       ||    52
Throw: Stone             |       |     3 ||     3
  Use: Scroll            |     8 |       ||     8
  Eat: Chunk             |     2 |       ||     2
       Pizza             |       |     2 ||     2
       Meat ration       |       |     1 ||     1
